 Dungeon Crawl Stone Soup version 0.28-a0-1184-g53156a8862 (webtiles) character file.

Game seed: 16262829505785860121

211 bearlyready the Stinger (level 5, 0/38 HPs)
             Began as a Draconian Venom Mage on Dec 17, 2021.
             Slain by a water moccasin (7 damage)
             ... on level 4 of the Dungeon.
             The game lasted 00:08:17 (3775 turns).

bearlyready the Stinger (Draconian Venom Mage)      Turns: 3775, Time: 00:08:18

Health: 0/38       AC:  7    Str: 10    XL:     5   Next: 57%
Magic:  8/8        EV: 12    Int: 17    God:
Gold:   165        SH:  0    Dex: 12    Spells: 1/8 levels left

rFire   . . .      SeeInvis .   n - +2 short sword (vamp)
rCold   . . .      Faith    .   (no shield)
rNeg    . . .      Spirit   .   (armour unavailable)
rPois   .          Reflect  .   (helmet restricted)
rElec   .          Harm     .   (no cloak)
rCorr   .          Rampage  .   (no gloves)
Will    .....      Rnd*Tele +   c - +1 pair of boots
Stlth   ++........              (no amulet)
HPRegen 0.12/turn               (no ring)
MPRegen 0.11/turn               (no ring)

@: no status effects
A: AC +5, unfitting armour, cold-blooded, hooves 2, teleportitis 1, MP-powered
wands
a: no special abilities


You were on level 4 of the Dungeon.
You visited 1 branch of the dungeon, and saw 4 of its levels.

You collected 165 gold pieces.

Inventory:

Hand Weapons
 l - a +0 dagger
 n - a +2 vampiric short sword (weapon)
 o - a +0 dagger of holy wrath
 p - a +0 morningstar
Missiles
 a - 3 atropa-tipped darts (quivered)
 i - 16 poisoned darts
 y - 3 boomerangs
Armour
 c - a +1 pair of boots (worn)
Magical Staves
 r - a staff of earth
Wands
 u - a wand of digging (5)
Scrolls
 d - a scroll of noise {unknown}
 e - a scroll of enchant armour
 g - a scroll of summoning {unknown}
 j - 4 scrolls of identify
 q - a scroll of blinking {unknown}
 s - a scroll of fear {unknown}
 t - a scroll of teleportation {unknown}
 w - a scroll of vulnerability {unknown}
Potions
 b - 2 potions of attraction
 k - a potion of lignification {unknown}
 m - a potion of ambrosia {unknown}
 v - a potion of haste {unknown}
 x - a potion of magic {unknown}


   Skills:
 - Level 1.7 Dodging
 - Level 1.7 Stealth
 - Level 2.0 Spellcasting
 - Level 2.0 Transmutations
 - Level 2.0 Air Magic
 + Level 5.6 Poison Magic


You had one spell level left.
You knew the following spells:

 Your Spells              Type           Power      Damage    Failure   Level
a - Sting                 Tmut/Pois      56%        1d5       4%          1
b - Poisonous Vapours     Pois/Air       28%        N/A       6%          2
c - Olgreb's Toxic Radia  Pois           20%        N/A       19%         4

Your spell library contained the following spells:

 Spells                   Type           Power      Damage    Failure   Level
 Beastly Appendage        Tmut           16%        N/A       9%          1
 Animate Skeleton         Necr           2%         N/A       19%         1
 Pain                     Necr           4%         1d4       19%         1
 Spider Form              Tmut/Pois      14%        N/A       12%         3
 Wereblood                Tmut           8%         N/A       13%         2
 Ignite Poison            Fire/Tmut/Pois 10%        N/A       21%         3
 Mephitic Cloud           Conj/Pois/Air  10%        N/A       21%         3
 Ensorcelled Hibernation  Hex/Ice        2%         N/A       28%         2
 Conjure Flame            Conj/Fire      1%         6-21      50%         3
 Frozen Ramparts          Ice            2%         1d2       50%         3
 Tukima's Dance           Hex            1%         N/A       50%         3
 Vampiric Draining        Necr           1%         2d6       50%         3
 Ice Form                 Ice/Tmut       5%         N/A       77%         4
 Sticky Flame             Conj/Fire      1%         2d3       88%         4
 Summon Ice Beast         Ice/Summ       1%         N/A       88%         4


Dungeon Overview and Level Annotations

Branches:
Dungeon (4/15)
 Temple: D:4-7

Altars:


Innate Abilities, Weirdness & Mutations

Your plain brown scales are hard. (AC +5)
You cannot fit into any form of body armour.
You are cold-blooded and may be slowed by cold attacks.
You have hoof-like feet.
You are occasionally teleported next to monsters.
You expend magic power (3 MP) to strengthen your wands.


Message History

Aim: a water moccasin (35% to hit)
You throw a throwing net.
The throwing net hits the water moccasin.
The water moccasin is caught in the net!
You feel sick.
The water moccasin struggles against the net.
You hit the water moccasin.
You feel better.
The water moccasin is lightly wounded.
You feel sick.
The water moccasin struggles against the net. x2
The net rips apart, and the water moccasin comes free!
You hit the water moccasin but do no damage.
Your tail-slap misses the water moccasin.
The water moccasin is lightly wounded.
You feel sick. The water moccasin closely misses you.
The water moccasin barely misses you.
You hit the water moccasin.
The water moccasin is moderately wounded.
You feel sick. The water moccasin closely misses you.
Throw: throwing net
Press: ? - help, Q - select action, (/) - cycle Shift-Dir - straight line, f/p - water moccasin
Aim: a water moccasin (moderately wounded, 35% to hit)
You throw a throwing net.
The throwing net misses the water moccasin.
You feel sick.
You are no longer poisoned.
The water moccasin bites you!
* * * LOW HITPOINT WARNING * * *
It was a potion of mutation.
You feel extremely strange.
You feel weirdly uncertain.
Your feet thicken and deform.
You feel your magical essence link to the dungeon's wands.
Your feet thicken and deform.
The water moccasin barely misses you.
The water moccasin bites you but does no damage.
Okay, then.
As you read the scroll labelled QUDOYR TARU, it crumbles to dust.
It is a scroll of enchant armour.
Your +0 pair of boots glows green for a moment.
The water moccasin bites you!
You die...

########.# #.# #......#.#
#.###########
#.####'#'######...........#
#.###...........######..#)#
#...#...........#.......#.#
#...#...........#.##.#..#.#
....#...........#.##.#..#)#
................#S##.#<.#.#
................@....#..#.#
#...#...........#.####..#.####.#
....+..........................#
#####...........#.#####.#.######
............................#####
..##.#....####....#####.#.......#
.....#................#.#########
.....#..#.###.#.#####.#.#
.................. #.#.#


You could see a water moccasin.

Vanquished Creatures
  An orc priest (D:4)
  2 orc wizards
  3 adders
  A shadow imp (D:4)
  An ufetubus (D:4)
  An adder skeleton (D:4)
  A dart slug (D:4)
  11 orcs
  5 bats
  6 endoplasms
  2 giant cockroaches (D:1)
  5 goblins
  A hobgoblin (D:2)
  3 jackals (D:4)
  8 quokkas
  9 ball pythons
  5 frilled lizards
  5 kobolds
  8 rats
78 creatures vanquished.

Notes
Turn   | Place    | Note
-------+----------+-------------------------------------------
     0 | D:1      | bearlyready the Draconian Venom Mage began the quest for
                  | the Orb.
     0 | D:1      | Reached XP level 1. HP: 14/14 MP: 3/3
   354 | D:1      | Reached XP level 2. HP: 15/20 MP: 1/5
   527 | D:1      | Found a faded altar of an unknown god.
  1195 | D:2      | Learned a level 2 spell: Poisonous Vapours
  1451 | D:2      | Reached XP level 3. HP: 26/26 MP: 4/6
  1725 | D:2      | Reached skill level 1 in Air Magic
  2298 | D:3      | Reached skill level 4 in Poison Magic
  2298 | D:3      | Reached XP level 4. HP: 29/33 MP: 1/7
  2305 | D:3      | Learned a level 4 spell: Olgreb's Toxic Radiance
  3189 | D:4      | Noticed a water moccasin
  3504 | D:4      | Reached XP level 5. HP: 37/38 MP: 8/8
  3533 | D:4      | Reached skill level 5 in Poison Magic
  3774 | D:4      | Gained mutation: You are occasionally teleported next to
                  | monsters. [potion of mutation]
  3774 | D:4      | Gained mutation: You have large cloven feet. [potion of
                  | mutation]
  3774 | D:4      | Gained mutation: You expend magic power (3 MP) to
                  | strengthen your wands. [potion of mutation]
  3774 | D:4      | Gained mutation: You have hoof-like feet. [potion of
                  | mutation]
  3775 | D:4      | Slain by a water moccasin

Illustrated notes

Levels and vault maps discovered:
D:1:      dpeg_arrival_arbitrary_b, layout_loops_corners,
          shapermc_ecumenical_altar_totnotflames, minmay_pentomino_s4
D:2:      layout_loops_ring, minivault_23
D:3:      layout_loops_ring
D:4:      layout_basic

Skill      XL: |  1  2  3  4  5 |
---------------+----------------+-----
Transmutations | 2 |  2.0
Air Magic      | 1 2 |  2.0
Poison Magic   | 4 5 |  5.6
Dodging        | |  1.7
Stealth        | |  1.7
Spellcasting   | |  2.0

Action                   |  1- 3 |  4- 6 || total
-------------------------+-------+-------++-------
Melee: Unarmed           |    63 |       ||    63
       Tailslap          |    11 |     5 ||    16
       Dagger            |    28 |       ||    28
       Short sword       |    27 |    83 ||   110
Throw: Throwing net      |       |     4 ||     4
 Cast: Sting             |    29 |    12 ||    41
       Poisonous Vapours |     5 |       ||     5
       Olgreb's Toxic Ra |       |     1 ||     1
  Use: Scroll            |       |     2 ||     2
       Potion            |       |     1 ||     1
 Stab: Sleeping          |     4 |     3 ||     7
Armor: Skin              |    51 |    29 ||    80
Dodge: Dodged            |    88 |    66 ||   154

Table legend: (Time is in decaauts)
 A = Elapsed time spent in this place.
 B = Non-inter-level travel time spent in this place.
 C = Inter-level travel time spent in this place.
 D = Time resting spent in this place.
 E = Time spent auto-exploring this place.
 F = Levels seen in this place.
 G = Mean time per level.
                   A        B        C        D        E       F      G
               +--------+--------+--------+--------+--------+-----+--------+
         Total |   3785 |   3694 |     91 |    249 |   2749 |   4 |  946.2 |
       Dungeon |   3785 |   3694 |     91 |    249 |   2749 |   4 |  946.2 |
               +--------+--------+--------+--------+--------+-----+--------+

Top non-repeatable levels by time:
     D:1: 1184 daAuts
     D:3: 1045 daAuts
     D:2: 792 daAuts
     D:4: 764 daAuts
